 Dungeon Crawl Stone Soup version 0.21-a0-104-g7b58145 (webtiles) character file.

284 kuniqs the Cutter (level 6, 0/49 HPs)
             Began as a Vine Stalker Berserker on July 6, 2017.
             Was a Believer of Trog.
             Slain by an orc
             ... wielding a +0 hand axe of electrocution
              (16 damage)
             ... on level 3 of the Dungeon.
             The game lasted 00:02:41 (1646 turns).

kuniqs the Cutter (Vine Stalker Berserker)          Turns: 1646, Time: 00:02:42

Health: 0/49       AC: 10    Str: 24    XL:     6   Next: 29%
Magic:  0/7        EV:  9    Int:  7    God:    Trog [**....]
Gold:   53         SH:  0    Dex: 16    Spells: 5/5 levels left

rFire    . . .     SeeInvis .   a - +0 short sword
rCold    . . .     Gourm    .   (no shield)
rNeg     . . .     Faith    .   h - +0 chain mail
rPois    .         Spirit   +   i - +0 helmet
rElec    .         Reflect  .   (no cloak)
rCorr    .         Harm     .   (no gloves)
MR       .....                  (no boots)
Stlth    ..........             (no amulet)
HPRegen  0.56/turn              (no ring)
MPRegen  0.10/turn              (no ring)

@: berserking, very quick
A: fangs 2, regeneration 1, magic shield, antimagic bite, no potion heal 3, rot
immunity
a: Berserk, Trog's Hand, Burn Spellbooks, Renounce Religion


You were on level 3 of the Dungeon.
You worshipped Trog.
Trog was pleased with you.
You were very hungry.

You visited 1 branch of the dungeon, and saw 3 of its levels.

You collected 53 gold pieces.

Inventory:

Hand Weapons
 a - a +0 short sword (weapon)
Armour
 h - a +0 chain mail (worn)
 i - a +0 helmet (worn)
Jewellery
 m - an uncursed amulet of rage {unknown}
Scrolls
 g - a scroll of blinking {unknown}
 l - a scroll of random uselessness {unknown}
 n - a scroll of enchant armour {unknown}
Potions
 c - 3 potions of lignification {unknown}
 j - a potion of ambrosia {unknown}
 k - a potion of might {unknown}
Comestibles
 b - 16 chunks of flesh
 d - 3 bread rations
 e - 3 meat rations
 f - a royal jelly


   Skills:
 + Level 3.8 Fighting
 + Level 4.0 Short Blades
 + Level 2.8 Armour
 + Level 2.9 Dodging


You had 5 spell levels left.
You didn't know any spells.

Dungeon Overview and Level Annotations

Branches:
Dungeon (3/15)

Altars:
Qazlal


Innate Abilities, Weirdness & Mutations

You have extremely sharp teeth.
Your natural rate of healing is unusually fast.
When hurt, damage is shared between your health and your magic reserves.
Your bite disrupts and absorbs the magic of your enemies.
Potions cannot restore your health.
You are immune to rotting.


Message History

The kobold barely misses you.
The orc hits you with a hand axe of electrocution.
You are electrocuted!
The orc wizard hits you but does no damage.
You are too injured to fight recklessly!
You are too injured to fight recklessly!
A red film seems to cover your vision as you go berserk!
You feel yourself moving faster!
You feel mighty!
You are feeling very hungry.
The orc wizard hits you but does no damage.
The kobold closely misses you. The orc barely misses you.
The orc wizard hits you but does no damage.
You puncture the orc wizard!
You kill the orc wizard!
Trog accepts your kill.
Trog appreciates your killing of a magic user.
Your Short Blades skill increases to level 4!
The kobold barely misses you. The orc hits you but does no damage.
You are electrocuted!
You die...

..........# #. #)..
..........# #..##..
..........# #......
..........# #.#####..
..........# # #........
..........###.# ########.
#.......#.. ..#.
#######o###.....### #.#.
.......)@............#.##
.....##K###.....# #......
.... #.######### ####.##
... #.#....# #.# ..
#.#....# #.## .
#.#....#########...
#.#.............<.#
#.#.....########.##
#.#.....# #.#


You could see an orc and a kobold.

Vanquished Creatures
  An orc warrior (D:3)
  An orc priest (D:3)
  An orc wizard (D:3)
  Terence (D:2)
  5 adders
  An ooze (D:2)
  3 dart slugs
  2 leopard geckos
  2 orcs (D:3)
  A ball python (D:3)
  2 giant cockroaches
  3 goblins (D:1)
  8 hobgoblins
  7 jackals
  A quokka (D:3)
  3 bats
  3 frilled lizards
  7 kobolds
  3 rats
55 creatures vanquished.

Vanquished Creatures (others)
  18 toadstools (D:3)
18 creatures vanquished.

Grand Total: 73 creatures vanquished

Notes
Turn   | Place    | Note
-------+----------+-------------------------------------------
     0 | D:1      | kuniqs the Vine Stalker Berserker began the quest for the Orb.
     0 | D:1      | Reached XP level 1. HP: 11/11 MP: 2/2
   407 | D:1      | Reached XP level 2. HP: 16/16 MP: 3/3
   662 | D:1      | Reached skill level 3 in Short Blades
   723 | D:1      | Reached XP level 3. HP: 19/19 MP: 4/4
   768 | D:2      | Found a stormy altar of Qazlal.
   940 | D:2      | Gained mutation: Your natural rate of healing is unusually fast. [Vine Stalker growth]
   940 | D:2      | Reached XP level 4. HP: 23/24 MP: 5/5
  1028 | D:2      | Reached ** piety under Trog
  1040 | D:2      | Noticed Terence
  1053 | D:2      | Killed Terence
  1427 | D:3      | Noticed an orc warrior
  1437 | D:3      | Killed an orc warrior
  1437 | D:3      | Reached XP level 5. HP: 28/28 MP: 6/6
  1441 | D:3      | Reached XP level 6. HP: 32/33 MP: 5/7
  1646 | D:3      | Reached skill level 4 in Short Blades
  1646 | D:3      | Slain by an orc

Vault maps used:
D:1:      minmay_arrival_cross
D:2:      overflow_temple_1_default, uniq_terence
D:3:      lemuel_doored_altar, tgw_fedhas, uniq_grinder

Skill      XL: |  1  2  3  4  5  6 |
---------------+-------------------+-----
Dodging        | 2 |  2.9
Short Blades   | 3 4 |  4.0
Fighting       | 3 |  3.8
Armour         | 2 |  2.8

Action                   |  1- 3 |  4- 6 || total
-------------------------+-------+-------++-------
Melee: Short sword       |    93 |    70 ||   163
       Bite              |    22 |    23 ||    45
Invok: Berserk           |     1 |     3 ||     4
  Eat: Chunk             |     1 |     4 ||     5
Armor: Animal skin       |     3 |       ||     3
       Chain mail        |    34 |    23 ||    57
Dodge: Dodged            |    30 |    34 ||    64
